 Dungeon Crawl Stone Soup version 0.23-a0-143-g1adec7b (webtiles) character file.

35 iamserjio the Caller (level 3, -5/23 HPs)
             Began as an Octopode Summoner on Sept 2, 2018.
             Slain by a centaur (9 damage)
             ... on level 3 of the Dungeon.
             The game lasted 00:04:34 (1370 turns).

iamserjio the Caller (Octopode Summoner)            Turns: 1370, Time: 00:04:35

Health: -5/23      AC:  1    Str:  7    XL:     3   Next: 33%
Magic:  6/6        EV: 13    Int: 18    God:
Gold:   41         SH:  0    Dex: 12    Spells: 5/6 levels left

rFire    . . .     SeeInvis .     - Unarmed
rCold    . . .     Gourm    .   (no shield)
rNeg     . . .     Faith    .   (helmet restricted)
rPois    .         Spirit   .   (no amulet)
rElec    .         Reflect  .   (no ring)
rCorr    .         Harm     .   (no ring)
MR       .....                  (no ring)
Stlth    +++.......             (no ring)
HPRegen  0.07/turn              (no ring)
MPRegen  0.10/turn              (no ring)
                                (no ring)
                                (no ring)

@: very slightly contaminated, invisible
A: almost no armour, stealthy swim, amphibious, 8 rings, constrict 8, camouflage
1, gelatinous body 1
a: no special abilities


You were on level 3 of the Dungeon.
You were not hungry.

You visited 1 branch of the dungeon, and saw 3 of its levels.

You collected 41 gold pieces.

Inventory:

Hand Weapons
 d - a +0 dagger
Missiles
 n - 27 arrows
Jewellery
 e - an uncursed amulet of magic regeneration {unknown}
 g - a cursed -3 ring of evasion {unknown}
Scrolls
 a - 2 scrolls of identify {unknown}
 f - a scroll of random uselessness {unknown}
 i - a scroll of immolation {unknown}
 l - a scroll of remove curse {unknown}
 o - a scroll of fog {unknown}
Potions
 m - a potion of haste {unknown}
Comestibles
 b - 5 rations
 k - 6 chunks of flesh


   Skills:
 + Level 1.4 Fighting
 - Level 2.0 Dodging
 - Level 2.6 Stealth
 * Level 2.3 Unarmed Combat
 - Level 2.0 Spellcasting
 - Level 4.0 Summonings


You had 5 spell levels left.
You knew the following spells:

 Your Spells              Type           Power        Failure   Level  Hunger
a - Summon Small Mammal   Summ           ###.         3%          1    #......

Your spell library contained the following spells:

 Spells                   Type           Power        Failure   Level  Hunger
 Call Imp                 Summ           ###.....     5%          2    ###....
 Call Canine Familiar     Summ           ###.....     11%         3    ###....
 Summon Guardian Golem    Hex/Summ       #.......     24%         3    ###....
 Summon Ice Beast         Ice/Summ       #.......     61%         4    #####..
 Summon Lightning Spire   Summ/Air       #.......     61%         4    #####..


Dungeon Overview and Level Annotations

Branches:
Dungeon (3/15)

Altars:
Uskayaw


Innate Abilities, Weirdness & Mutations

You cannot wear most types of armour.
You are very stealthy in the water. (Stealth+)
You are amphibious.
You can wear up to eight rings at the same time.
You can use your tentacles to constrict eight enemies at once.
Your skin changes colour to match your surroundings (Stealth+).
Your rubbery body absorbs attacks. (AC +1, EV +1)


Message History

The centaur unwields an uncursed shortbow.
The centaur closely misses you. The bat closely misses you.
You barely miss the centaur. The bat barely misses you. x2
The centaur hits you!
You barely miss the centaur. The centaur hits you!
* * * LOW HITPOINT WARNING * * *
The bat misses you. The centaur barely misses you.
It was a potion of heal wounds.
You feel much better. The bat barely misses you. The centaur hits you!
You tentacle-slap the centaur.
The centaur is lightly wounded.
The bat barely misses you. The centaur hits you.
* * * LOW HITPOINT WARNING * * *
You tentacle-slap the centaur.
The centaur is moderately wounded.
The bat closely misses you. The centaur barely misses you.
You barely miss the centaur. You squeeze the centaur!
The centaur is heavily wounded.
The bat hits you but does no damage. The centaur hits you!
You die...

##.##....##..#
...#..#####..# #
.##..#####...## ..
...........#..########...
.##[######...............
..#.# #..##.†###.......
....## #†####.##...(....
##...## #.# #.c#........
###..###.## ##(@........
##......# ###b.......
###....# #..?..... #....#
##....... #....# .......
#....# .....). ######
....... .....


You could see a centaur and a bat.

Vanquished Creatures
  2 oozes (D:1)
  A worm (D:3)
  3 leopard geckos
  2 goblins (D:1)
  3 hobgoblins
  3 jackals (D:3)
  A ball python (D:1)
  2 bats
  3 frilled lizards (D:3)
  A kobold (D:1)
  2 rats
23 creatures vanquished.

Notes
Turn   | Place    | Note
-------+----------+-------------------------------------------
     0 | D:1      | iamserjio the Octopode Summoner began the quest for the
                  | Orb.
     0 | D:1      | Reached XP level 1. HP: 11/11 MP: 3/3
     8 | D:1      | Noticed an electric eel
   324 | D:1      | Reached skill level 1 in Unarmed Combat
   324 | D:1      | Reached XP level 2. HP: 18/18 MP: 5/5
   595 | D:1      | Reached skill level 1 in Fighting
  1058 | D:2      | You fall through a shaft!
  1058 | D:3      | Found a hide-covered altar of Uskayaw.
  1104 | D:3      | Reached XP level 3. HP: 23/23 MP: 6/6
  1357 | D:3      | Noticed a centaur
  1366 | D:3      | HP: 1/23 [centaur (7)]
  1370 | D:3      | Slain by a centaur

Vault maps used:
D:1:      arrival_aquarium_a
D:2:      overflow_temple_1_default, old_standard_altar
D:3:      nicolae_overflow_crystal_walls

Skill      XL: |  1  2 |
---------------+-------+-----
Unarmed Combat | 1 2 |  2.3
Fighting       | 1 |  1.4
Dodging        | |  2.0
Stealth        | |  2.6
Spellcasting   | |  2.0
Summonings     | |  4.0

Action                   || total
-------------------------++-------
Melee: Dagger            ||    35
       Tentacles         ||    13
       Constrict         ||    16
       Unarmed           ||    34
       Punch             ||     1
 Cast: Summon Small Mamm ||     4
  Use: Potion            ||     3
 Stab: Sleeping          ||     4
  Eat: Chunk             ||     1
Armor: Skin              ||     6
Dodge: Dodged            ||    59

Table legend:
 A = Non-vault XP
 B = Vault XP
 C = Vault XP percentage of total XP
 D = Non-vault monster count
 E = Vault monster count
 F = Vault count percentage of total count
                 A         B        C        D         E       F
            +---------+---------+-------+---------+---------+-------
      Total |      50 |       0 |   0.0 |      23 |       0 |   0.0
            +---------+---------+-------+---------+---------+-------
        D:1 |      28 |       0 |   0.0 |      11 |       0 |   0.0
        D:2 |       1 |       0 |   0.0 |       1 |       0 |   0.0
        D:3 |      21 |       0 |   0.0 |      11 |       0 |   0.0
            +---------+---------+-------+---------+---------+-------
